woodfighter, neutral female valkyrie Shieldmaiden ---- ----- |..-----...| |.).......)| |.-------..| |.|>.......| |.|........-- |.|..`.....@| |<|------*._| --- ----- woodfighter the Shieldmaiden Experience level: 12 Strength: 18/02 Dexterity: 14 Constitution: 18 Intelligence: 9 Wisdom: 9 Charisma: 11 Health: 0(106) Energy: 47(47) Def: 21 Gold: 0 Moves: 16619 Dungeon seed [set]: Game ID: woodfighter_1681560341 Your Inventory: Amulets I - an uncursed amulet of ESP (being worn) Weapons a - the blessed rustproof +1 Excalibur (weapon in hand) N - 4 blessed +5 spears (in quiver) Armor e - a blessed greased +3 set of gray dragon scales (being worn) g - an uncursed +0 shield of reflection (being worn) n - a blessed +1 dwarvish mithril-coat (being worn) r - an uncursed +0 helm of brilliance (being worn) z - an uncursed +0 pair of gauntlets of dexterity (being worn) E - an uncursed +0 pair of speed boots (being worn) X - a cursed +0 pair of leather gloves Comestibles W - 3 uncursed food rations Z - an uncursed lizard corpse Rings v - an uncursed ring of free action (on left hand) w - an uncursed ring of polymorph control (on right hand) Wands d - an uncursed wand of digging (0:7) f - an uncursed wand of lightning (0:6) Tools b - an uncursed stethoscope m - an uncursed oil lamp (0:388) q - an uncursed +0 unicorn horn s - an uncursed sack t - an uncursed +0 pick-axe (alternate weapon; not wielded) y - an uncursed iron key Gems J - a blessed luckstone Contents of the sack: 2 uncursed eucalyptus leaves an uncursed lizard corpse 3 uncursed sprigs of wolfsbane an uncursed ring of teleport control an uncursed magic marker (0:51) an uncursed agate named unicorn a cursed agate named unicorn an uncursed obsidian named unicorn Spells and supernatural/magical abilities: Name Level Category Fail Memory W - pray for help -- divine ? -- Your skills at the end: Miscellaneous Skills shield [Skilled] wands [Basic] stealth [Basic] Weapon Skills dagger [Basic] long sword [Skilled] spear [Expert] Spellcasting Skills Final Attributes: You were devoutly aligned. You were fire resistant. You were cold resistant. You were sleep resistant. You were shock resistant. You were poison resistant. You were level-drain resistant. You were magic-protected. You were telepathic. You had automatic searching. You were stealthy. You could fly. You were protected. You had polymorph control. You were very fast. You had reflection. You had free action. You were lucky. You had extra luck. Good luck did not time out for you. You are dead. Vanquished creatures: a stone golem 2 dire bears a clay golem 3 nurses a lurker above 2 frost giants 2 ghosts 3 giant mimics a grizzly bear an umber hulk 3 large mimics a long worm a couatl 2 stalkers an air elemental a xorn a warg a winter wolf a quantum mechanic 3 small mimics an island nymph a glass piercer a xan a brown bear a sasquatch a werebear 2 stinking spheres a freezing sphere a flaming sphere 2 shocking spheres a large cat a tiger 2 gargoyles 3 dwarf kings 4 tengu 2 gelatinous cubes an ochre jelly a crocodile a chameleon 3 leocrottas an energy vortex a human mummy 2 red nagas a black bear 2 wraiths an ettin zombie 3 leather golems 11 soldiers a succubus a giant beetle 2 cockatrices 3 winter wolf cubs 2 lynxes a panther 2 gremlins 57 leprechauns 2 quivering blobs 4 lizards a mountain nymph 2 mumakil 5 giant spiders an iron piercer 2 horses an ice vortex 2 vampire bats 2 gnome kings an orc mummy a dwarf mummy 3 brown puddings 3 yetis 6 werewolves 3 dogs 2 dingos 2 jaguars 2 blue jellies 2 water nymphs a black unicorn 2 dust vortices 2 ravens a plains centaur 5 gnome mummies a Woodland-elf 5 pit vipers 9 apes a rope golem 8 soldier ants a fire ant 4 yellow lights 3 bugbears a wood nymph 10 Mordor orcs 13 Uruk-hai 12 orc shamans 2 rock moles 4 rock piercers 4 ponies 2 fog clouds 5 shriekers a violet fungus 14 gnome lords 2 gnomish wizards a guardian naga hatchling 7 gray oozes a barrow wight 7 elf zombies 2 ghouls 4 straw golems 13 giant ants 2 puppies 3 floating eyes 2 kittens 20 dwarves 3 homunculi 2 quasits 3 kobold lords 2 kobold shamans 8 iguanas 15 hill orcs 3 rothes a rabid rat 4 centipedes 8 jitterbugs 6 giant bats 2 monkeys 4 orc zombies 2 werejackals 7 killer bees 10 coyotes 2 gas spores 4 hobbits 2 acid blobs 15 geckos 10 hobgoblins 6 giant rats 7 cave spiders 5 brown molds 4 yellow molds 2 green molds 5 red molds 50 gnomes 21 garter snakes a gnome zombie 3 jackals 4 foxes 4 kobolds 7 newts 7 goblins 8 sewer rats 3 grid bugs 4 bats 5 lichens 3 kobold zombies 638 creatures vanquished. Genocided species: hobbits dwarves bugbears dwarf lords dwarf kings quantum mechanics valkyries mind flayers master mind flayers liches demiliches master liches arch-liches 13 species genocided. Voluntary challenges: You did not cause conflict. You were not invisible. You donated to temples 4 times (receiving 5 points of protection), starting on turn 7241. You received temple protection 4 times, starting on turn 7241. You used a wielded weapon 1233 times, starting on turn 28. You did not use plumbed fixtures. You read items or engraved 7 times, starting on turn 4206. You genocided 13 types of monsters, starting on turn 16619. You polymorphed 1 item, starting on turn 11483. You never changed form. You completed Sokoban on turn 5343, according to the rules. You used 1 wish, starting on turn 12357. You did not wish for any artifacts. You carried an artifact on turn 6137. You split 1 pudding, starting on turn 11006. You never wrote Elbereth's name. You never violated your personal moral code. You enabled loading special bones files. Dungeon overview: The Dungeons of Doom: levels 1 to 22 Level 1 a vault a long staircase Level 2 a fountain Level 3 a vault, an altar to Odin, a fountain Level 4 a vault, a general store, a fountain stairs to The Gnomish Mines Level 5 (water) a fountain Level 6 a vault, an altar to Tyr, a fountain, a sink Level 7 Level 8 many fountains Level 9 a fountain, a throne stairs to Sokoban Level 10 Level 11 (leprechauns?) Level 12 (black u) a fountain Level 13 Level 14 (quest) a magic portal Level 15 Level 16 a fountain Level 17 Level 18 Level 19 a vault, a temple to Tyr Level 20 a fountain Level 21 a fountain Level 22 The Gnomish Mines: levels 5 to 12 Level 5 stairs to The Dungeons of Doom Level 6 Level 7 Level 8 many shops, a temple to Loki, a magic chest, some fountains, some trees Level 9 Level 10 Level 11 Level 12 many altars to Moloch, a magic chest, some fountains Sokoban: levels 5 to 8 Level 5 a magic chest Level 6 Level 7 Level 8 <- You were here an altar to Tyr, a magic chest stairs to The Dungeons of Doom History has recorded: On T:1 you entered the Dungeons of Doom to retrieve the Amulet of Yendor! On T:514 you reached level 2 of The Dungeons of Doom. On T:721 you reached level 3 of The Dungeons of Doom. On T:769 you advanced to experience level 2. On T:1078 you advanced to experience level 3. On T:1336 you reached level 4 of The Dungeons of Doom. On T:1390 you advanced to experience level 4. On T:1624 you reached level 5 of The Dungeons of Doom. On T:1930 you advanced to experience level 5. On T:1942 you reached level 6 of The Dungeons of Doom. On T:2423 you reached level 7 of The Dungeons of Doom. On T:2610 you advanced to experience level 6. On T:2964 you reached level 8 of The Dungeons of Doom. On T:3155 you reached level 9 of The Dungeons of Doom. On T:3345 you advanced to experience level 7. On T:3410 you prayed to Odin. On T:3766 you reached level 10 of The Dungeons of Doom. On T:3808 you reached level 4 of Sokoban. On T:4042 you opened a magic chest. On T:4126 you advanced to experience level 8. On T:4258 you reached level 3 of Sokoban. On T:4504 you reached level 2 of Sokoban. On T:4843 you reached level 1 of Sokoban. On T:5343 you advanced to experience level 9. On T:5343 you entered the Sokoban zoo. On T:5940 you reached level 1 of The Gnomish Mines. On T:6077 you reached level 2 of The Gnomish Mines. On T:6593 you reached level 3 of The Gnomish Mines. On T:6647 you reached level 4 of The Gnomish Mines. On T:7160 you reached level 5 of The Gnomish Mines. On T:7225 you entered the Minetown temple On T:7386 you reached level 6 of The Gnomish Mines. On T:7639 you reached level 7 of The Gnomish Mines. On T:7914 you reached level 8 of The Gnomish Mines. On T:7914 you reached the bottom of the Mines. On T:8177 you advanced to experience level 10. On T:9156 you reached level 11 of The Dungeons of Doom. On T:9650 you reached level 12 of The Dungeons of Doom. On T:10748 you reached level 13 of The Dungeons of Doom. On T:10858 you advanced to experience level 11. On T:11198 you reached level 14 of The Dungeons of Doom. On T:11776 you prayed to Odin. On T:12357 you wished for "+3 blessed fixed greased gray dragon scales". On T:13140 you reached level 15 of The Dungeons of Doom. On T:13140 you entered the Rogue tribute level. On T:13302 you prayed to Odin. On T:13448 you reached level 16 of The Dungeons of Doom. On T:13668 you reached level 17 of The Dungeons of Doom. On T:14712 you reached level 18 of The Dungeons of Doom. On T:15603 you reached level 19 of The Dungeons of Doom. On T:15771 you reached level 20 of The Dungeons of Doom. On T:16065 you reached level 21 of The Dungeons of Doom. On T:16162 you advanced to experience level 12. On T:16319 you reached level 22 of The Dungeons of Doom. Score breakdown: Gold: 0 ( 0 points) Experience: 12 levels ( 1100 points) Exploration: 22 levels ( 630 points) Discoveries: 79 items ( 2000 points) Variety of kills: 152 monsters ( 2000 points) Major goal: Sokoban/Mines ( 1500 points) Survival: died (score multiplied by 3) Total score: 21690 Latest messages: c - a potion of holy water. Your 2 scrolls of genocide softly glow with a light blue aura. As you read the scroll, it disappears. You have found a scroll of genocide! Wiped out all liches. Wiped out all demiliches. Wiped out all master liches. Wiped out all arch-liches. As you read the scroll, it disappears. You have found a scroll of genocide! Wiped out all hobbits. Wiped out all dwarves. Wiped out all bugbears. Wiped out all dwarf lords. Wiped out all dwarf kings. Wiped out all quantum mechanics. Wiped out all valkyries. You die. Wiped out all mind flayers. Wiped out all master mind flayers. Final status: Goodbye woodfighter the Shieldmaiden, wiped out by a blessed scroll of genocide... You were wiped out in Sokoban on dungeon level 8 with 21690 points, and 0 pieces of gold, after 16619 moves. You were level 12 with a maximum of 106 hit points when you were wiped out.